 Dungeon Crawl Stone Soup version 0.30.0-5-g1a98f26d00 (webtiles) character file.

Game seed: 14002367731091956846

7091 qeuew the Protected (level 10, -19/91 HPs)
             Began as a Minotaur Fighter on May 12, 2023.
             Was an Initiate of Gozag.
             Demolished by a torpor snail (55 damage)
             ... on level 1 of the Lair of Beasts.
             The game lasted 00:09:18 (8955 turns).

qeuew the Protected (Minotaur Fighter)              Turns: 8955, Time: 00:09:19

Health: -19/91     AC:  9    Str: 22    XL:     10   Next: 84%
Magic:  9/9        EV:  2    Int:  5    God:    Gozag
Gold:   1154       SH:  0    Dex: 19    Spells: 9/9 levels left

rFire   . . .        A - +1 war axe (elec)
rCold   . . .        c - +0 buckler
rNeg    . . .        b - +0 scale mail
rPois   +            (helmet restricted)
rElec   .            (no cloak)
rCorr   .            (no gloves)
SInv    .            (no boots)
Will    .....        (no amulet) Stlth
                     p - ring of poison resistance
HPRegen 1.15/turn    j - +6 ring of dexterity
MPRegen 0.11/turn

%: no passive effects
@: sleeping, slowed
A: horns 2, retaliatory headbutt, hooves 1, sense surroundings 1, regeneration 1
a: Renounce Religion, Potion Petition, Call Merchant, Bribe Branch


You were on level 1 of the Lair of Beasts.
You worshipped Gozag.
Gozag was most pleased with you.
You visited 3 branches of the dungeon, and saw 11 of its levels.
You also visited: Ossuary.

You collected 1432 gold pieces.
You paid 278 gold pieces to Gozag.

Inventory:

Hand Weapons
 A - a +1 war axe of electrocution (weapon)
Armour
 b - a +0 scale mail (worn)
 c - a +0 buckler (worn)
Jewellery
 i - a ring of flight
 j - a +6 ring of dexterity (right hand)
 p - a ring of poison resistance (left hand)
Wands
 a - a wand of mindburst (24)
 l - a wand of polymorph (9)
 o - a wand of roots (17)
 y - a wand of charming (6)
Scrolls
 e - 3 scrolls of enchant weapon
 m - 6 scrolls of teleportation
 n - a scroll of fear
 q - 3 scrolls of blinking
 s - 4 scrolls of magic mapping
 w - a scroll of brand weapon
Potions
 d - 4 potions of might
 f - 4 potions of flight
 g - 4 potions of curing
 h - a potion of haste
 k - 2 potions of heal wounds
 r - a potion of resistance
 t - 2 potions of lignification
 u - a potion of magic
 v - 5 potions of ambrosia


   Skills:
 + Level 9.0 Fighting
 + Level 8.5 Axes
 * Level 12.2 Armour
 + Level 7.3 Dodging
 + Level 9.0 Shields


You had 9 spell levels left.
You didn't know any spells.
Your spell library contained the following spells:

 Spells                   Type           Power      Damage    Failure   Level
 Apportation              Tloc           0%         N/A       78%         1
 Freeze                   Ice            0%         1d3       78%         1
 Magic Dart               Conj           0%         1d3       78%         1
 Necrotise                Necr           0%         1d4       78%         1
 Summon Small Mammal      Summ           0%         N/A       78%         1
 Blink                    Tloc           0%         N/A       89%         2
 Call Imp                 Summ           0%         N/A       89%         2
 Ensorcelled Hibernation  Hex/Ice        0%         N/A       89%         2
 Lesser Beckoning         Tloc           0%         N/A       89%         2
 Momentum Strike          Conj/Tloc      0%         3d8       89%         2
 Frozen Ramparts          Ice            0%         1d1       98%         3
 Hailstorm                Conj/Ice       0%         3d3       98%         3
 Mephitic Cloud           Conj/Pois/Air  0%         N/A       98%         3
 Spider Form              Tmut/Pois      0%         N/A       98%         3
 Anguish                  Hex/Necr       0%         N/A       100%        4


Dungeon Overview and Level Annotations

Branches:
Dungeon (9/15)             Temple (1/1) D:7            Lair (1/5) D:8
Ossuary (visited)
    Orc: D:9-12

Altars:
Ashenzari
Cheibriados
Dithmenos
Elyvilon
Fedhas
Gozag
Hepliaklqana
Kikubaaqudgha
Makhleb
Nemelex Xobeh
Okawaru
Qazlal
Ru
Sif Muna
Uskayaw
Wu Jian
Xom
Yredelemnul
Zin
The Shining One

Shops:
D:4 *   D:6 :   D:7 *

Annotations:
D:9 1 runed translucent door, croobank's ghost, novice OpFE


Innate Abilities, Weirdness & Mutations

You have a pair of horns on your head.
You reflexively headbutt those who attack you in melee.
You have large cloven feet.
You passively map a small area around you.
Your natural rate of healing is unusually fast.


Message History

You closely miss the blink frog.
The dream sheep bleats!
You kick the blink frog. Your headbutt misses the blink frog.
The blink frog is severely wounded.
You closely miss the blink frog. You slash the blink frog!
Lightning courses through the blink frog!
You kill the blink frog!
The blink frog completely misses you.
The blink frog blinks!
The blink frog closely misses you. You furiously retaliate!
You headbutt the blink frog!
The blink frog hits you but does no damage.
The blink frog blinks!
A dream sheep comes into view.
The blink frog barely misses you. The blink frog hits you.
The blink frog hits you but does no damage.
You completely miss the blink frog. Your kick misses the blink frog.
The blink frog is severely wounded.
You closely miss the blink frog.
The blink frog blinks!
The blink frog hits you! The blink frog misses you.
Unknown command.
You are too injured to fight recklessly!
Unknown command.
The dream sheep ruffle their wool and motes of dream dust sparkle, to no effect.
The blink frog hits you but does no damage.
The blink frog closely misses you. You furiously retaliate!
You headbutt the blink frog.
You see here 6 gold pieces.
The blink frog attacks as you move away!
The blink frog barely misses you.
The blink frog blinks!
The dream sheep ruffle their wool and motes of dream dust sparkle, to no effect.
The blink frog hits you!
The dream sheep shake their wool and sparkle.
You feel drowsy...
You fall asleep.
The blink frog hits you but does no damage.
The blink frog blinks!
The dream sheep is distracted by your dazzling golden aura.
The blink frog blinks!
The torpor snail bites you!!!
Ouch! That really hurt!
You die...
Your body crumbles into a pile of gold.

* # ##* ##...# ##
##..#######P####
##............# *
##............# * *
, * ##..........#..#
*,#####............#
................##
*..###.#.........#*
,
###+#####w@.....<.#
,
...(....FY........#
*
....§...Y##.......#
* ,
.####.F...#....#P##
...#).....#..### ,
.......F#...#.#
.⌠...⌠...#..##..# +
...⌠........+ ,## ,
, .⌠...⌠...# ..


You could see a torpor snail, 2 blink frogs and 2 dream sheep.

Vanquished Creatures
  A two-headed ogre (D:8)
  Pikel (D:8)
  A black mamba (Lair:1)
  A rime drake (Lair:1)
  A queen bee (D:9)
  A blink frog (Lair:1)
  A wyvern (D:8)
  2 acid dragons (D:9)
  A water moccasin (D:8)
  4 orc warriors
  An ice beast (D:6)
  A sky beast (D:8)
  A black bear (D:7)
  An ogre (D:4)
  4 wolves (Lair:1)
  4 centaurs
  A phantom (D:7)
  2 kobold brigands
  7 bullfrogs
  A gnoll sergeant (D:6)
  A scorpion (D:4)
  8 wights
  26 killer bees (D:9)
  A howler monkey (D:9)
  2 electric eels
  4 jellies
  2 orc priests
  2 iguanas (D:6)
  3 sleepcaps
  5 orc wizards
  8 mummies (Ossuary)
  11 gnolls
  8 adders
  A shadow imp (D:6)
  A white imp (D:7)
  An ufetubus (D:4)
  3 dart slugs
  16 orcs
  6 ball pythons
  7 bats
  7 endoplasms
  2 giant cockroaches
  8 goblins
  7 hobgoblins
  10 kobolds
  6 quokkas
  3 frilled lizards
  3 hobgoblin zombies (Ossuary)
  4 kobold zombies (Ossuary)
  An orc zombie (Ossuary)
  4 rats
208 creatures vanquished.

Notes
Turn   | Place    | Note
-------+----------+-------------------------------------------
     0 | D:1      | qeuew the Minotaur Fighter began the quest for the Orb.
     0 | D:1      | Reached XP level 1. HP: 19/19 MP: 0/0
   208 | D:1      | Reached XP level 2. HP: 27/27 MP: 1/1
   267 | D:1      | Reached skill level 4 in Armour
   510 | D:1      | Reached skill level 1 in Dodging
   770 | D:1      | Reached XP level 3. HP: 33/33 MP: 2/2
  1459 | D:3      | Reached XP level 4. HP: 20/40 MP: 3/3
  1789 | D:3      | Found a stormy altar of Qazlal.
  2336 | D:4      | Reached skill level 5 in Armour
  2395 | D:4      | Noticed an ogre
  2395 | D:4      | Noticed a scorpion
  2399 | D:4      | Killed an ogre
  2400 | D:4      | Reached XP level 5. HP: 40/47 MP: 4/4
  2404 | D:4      | Reached XP level 6. HP: 33/53 MP: 5/5
  2647 | D:4      | Found Vairrimp's Assorted Antiques.
  2810 | D:5      | Entered Level 5 of the Dungeon
  2872 | D:5      | Noticed a yak
  2960 | D:5      | Reached skill level 6 in Armour
  3006 | D:5      | Reached skill level 5 in Fighting
  3006 | D:5      | Reached skill level 5 in Shields
  3171 | D:5      | Found a white marble altar of Elyvilon.
  3234 | D:5      | Reached XP level 7. HP: 52/61 MP: 6/6
  3349 | D:5      | Found a hide-covered altar of Uskayaw.
  3815 | D:6      | Found a sand-covered staircase.
  3820 | Ossuary  | Entered an ossuary
  4318 | D:6      | Reached skill level 7 in Armour
  4526 | D:6      | Found Caipust's Book Boutique.
  4578 | D:6      | Reached skill level 5 in Axes
  4729 | D:6      | Reached XP level 8. HP: 70/70 MP: 7/7
  5088 | D:6      | Reached skill level 8 in Armour
  5308 | D:6      | Gained mutation: You have large cloven feet. [potion of
                  | mutation]
  5308 | D:6      | Gained mutation: You have an increased reservoir of magic.
                  | (+10% MP) [potion of mutation]
  5308 | D:6      | Gained mutation: You passively map a small area around you.
                  | [potion of mutation]
  5308 | D:6      | Gained mutation: You expend magic power (3 MP) to
                  | strengthen your wands. [potion of mutation]
  5387 | D:7      | Found a glowing golden altar of the Shining One.
  5682 | D:7      | Found Mitarofu's Fire Supplies.
  5693 | D:7      | Found a staircase to the Ecumenical Temple.
  5838 | Temple   | Entered the Ecumenical Temple
  5923 | Temple   | Became a worshipper of Ru the Awakened
  6616 | D:7      | Found an opulent altar of Gozag.
  6717 | D:7      | Fell from the grace of Ru
  6717 | D:7      | Became a worshipper of Gozag Ym Sagoz the Greedy
  6750 | D:8      | Noticed Pikel
  6765 | D:8      | Killed Pikel
  6766 | D:8      | Reached skill level 9 in Armour
  6766 | D:8      | Reached skill level 5 in Dodging
  6766 | D:8      | Reached XP level 9. HP: 60/79 MP: 8/8
  7043 | D:8      | Found a glowing silver altar of Zin.
  7043 | D:8      | Noticed an angel
  7047 | D:8      | Found a shimmering altar of Xom.
  7071 | D:8      | Reached skill level 10 in Armour
  7181 | D:8      | Found a staircase to the Lair.
  7185 | D:8      | Noticed a two-headed ogre
  7193 | D:8      | Killed a two-headed ogre
  7748 | D:8      | Found a hazy altar of Hepliaklqana.
  7898 | D:9      | Lost mutation: You expend magic power (3 MP) to strengthen
                  | your wands. [potion of mutation]
  7898 | D:9      | Lost mutation: You have an increased reservoir of magic.
                  | (+10% MP) [potion of mutation]
  7898 | D:9      | Gained mutation: Your natural rate of healing is unusually
                  | fast. [potion of mutation]
  7904 | D:9      | Found a runed translucent door.
  7904 | D:9      | Noticed croobank's ghost (novice OpFE)
  7925 | D:9      | Reached XP level 10. HP: 71/88 MP: 9/9
  8149 | D:9      | Found a snail-covered altar of Cheibriados.
  8200 | D:9      | Found a blossoming altar of Fedhas.
  8236 | D:9      | Found a broken altar of Ashenzari.
  8352 | D:9      | Reached skill level 11 in Armour
  8842 | Lair:1   | Entered Level 1 of the Lair of Beasts
  8891 | Lair:1   | Noticed a black mamba
  8897 | Lair:1   | Killed a black mamba
  8898 | Lair:1   | Reached skill level 12 in Armour
  8945 | Lair:1   | Noticed a torpor snail
  8955 | Lair:1   | Demolished by a torpor snail

Illustrated notes

Levels and vault maps discovered:
D:1:      nzn_arrival_depleted_hourglass, layout_basic, dreamdust_wishing_well,
          hex_medium, minmay_misc_feat_four_crosses, grunt_decor_fettered,
          minmay_ruptured
D:2:      layout_rooms
D:3:      layout_basic, mainiacjoe_overflow_catwalk
D:4:      layout_rooms, serial_aquarium, aquarium_bridge_straight
          [aquarium_subvault_bridge, aquarium_subvault_wall,
          aquarium_subvault_bridge, aquarium_subvault_window],
          aquarium_window_corner, aquarium_window_fake, aquarium_window_1,
          aquarium_view_2a, aquarium_view_2e, aquarium_balcony_5a, serial_shops,
          shop
D:5:      layout_rooms, elyvilon_altar_1,
          mainiacjoe_overflow_concentric_impassable, minmay_misc_feat_pillars,
          lightli_corner_chamber
D:6:      kb_forest_paths, layout_basic, nicolae_ossuary_entry_plus,
          serial_shops, shop, nicolae_titane
D:7:      minmay_general_purpose_star, layout_gridville,
          mainiacjoe_overflow_paths, nicolae_overflow_hidden_temple,
          lemuel_tele_altar, temple_statues, eino_small_chamber_without_monster,
          nicolae_shop_fire_sale [nicolae_sub_dead_trees]
D:8:      layout_loops_cross, grunt_temple_overflow_order_and_chaos_1,
          nicolae_hepliaklqana_hippocampus, lair_entry_dummy, fountainhead,
          grunt_ministairs_10, uniq_pikel
D:9:      layout_roguey, fedhas_altar_2, mainiacjoe_overflow_24_doors,
          amcnicky_altar_gilded, gammafunk_ghost_grave, special_room
          [special_room_bee], interstate_on_off
Temple:   dpeg_three_leaves_temple
Lair:1:   layout_roguey, grunt_megastairs_2, serial_bayou_shore_b,
          serial_bayou_shore_a

Skill      XL: |  1  2  3  4  5  6  7  8  9 10 |
---------------+-------------------------------+-----
Armour         | 4 5 6 7 9 10 12 | 12.2
Dodging        | 1 2 3 5 6 7 |  7.3
Fighting       | 4 5 7 9 |  9.0
Shields        | 4 5 7 8 9 |  9.0
Axes           | 3 4 5 6 7 8 |  8.5

Action                     |  1- 3 |  4- 6 |  7- 9 | 10-12 || total
---------------------------+-------+-------+-------+-------++-------
  Melee: War axe           |    94 |    93 |   199 |   137 ||   523
         Headbutt          |    12 |    13 |    45 |    24 ||    94
         Kick              |       |       |    32 |    41 ||    73
    Use: Scroll            |     6 |     4 |     9 |       ||    19
         Potion            |     2 |     1 |     5 |     1 ||     9
   Stab: Distracted        |       |       |     1 |     2 ||     3
 Armour: Scale mail        |    35 |    37 |    44 |    39 ||   155
  Dodge: Dodged            |    50 |    43 |   103 |   109 ||   305
  Block: Buckler           |    15 |    13 |    67 |    55 ||   150
